 Dungeon Crawl Stone Soup version 0.29.0-5-ge4962eb29e (webtiles) character file.

Game seed: 4024353163360537927

10700 greasedhog the Skirmisher (level 11, -21/57 HPs)
             Began as a Gargoyle Hunter on Aug 29, 2022.
             Was a Priest of Hepliaklqana.
             Demolished by an orc warlord
             ... wielding a +2 vorpal great sword
              (38 damage)
             ... on level 9 of the Dungeon.
             The game lasted 00:23:21 (11983 turns).

greasedhog the Skirmisher (Gargoyle Hunter)        Turns: 11983, Time: 00:23:22

Health: -21/57     AC: 18    Str: 13    XL:     11   Next: 66%
Magic:  10/11      EV: 18    Int:  8    God:    Hepliaklqana [***...]
Gold:   499        SH:  0    Dex: 17    Spells: 10/10 levels left

rFire   . . .      SeeInvis .   a - +0 arbalest
rCold   + + +      Faith    .   (shield currently unavailable)
rNeg    + + .      Spirit   .   I - +0 acid dragon scales
rPois   ∞          Reflect  .   (no helmet)
rElec   +          Harm     .   L - +1 cloak
rCorr   +          Rampage  .   q - +0 pair of gloves
Will    .....                   (no boots)
Stlth   +++.......              h - amulet "Mur Iko" {Acrobat rElec rC+++ Str-2 Int-2}
HPRegen 0.19/turn               j - ring of positive energy
MPRegen 0.12/turn               D - +4 ring of evasion

@: no status effects
A: reduced essence, sickness immunity, AC +8, negative energy resistance 1,
electricity resistance, torment resistance 1, petrification resistance
a: Renounce Religion, Recall Ancestor, Ancestor Identity, Transference


You were on level 9 of the Dungeon.
You worshipped Hepliaklqana.
Hepliaklqana was most pleased with you.
You visited 3 branches of the dungeon, and saw 11 of its levels.

You collected 614 gold pieces.
You spent 115 gold pieces at shops.

Inventory:

Hand Weapons
 a - a +0 arbalest (weapon)
 s - the +10 spear "Nonnamyca" {antimagic, rF- rN+ rCorr SInv}
   (You found it on level 2 of the Dungeon)

   It reduces the magical energy of the wielder, and disrupts the spells and
   magical abilities of those it strikes.
   Natural abilities and divine invocations are not affected.
   rF:        It makes you vulnerable to fire.
   rN:        It protects you from negative energy.
   SInv:      It lets you see invisible.
   rCorr:     It protects you from acid and corrosion.
Missiles
 p - 24 poisoned darts
 v - 9 boomerangs of dispersal
 y - 2 throwing nets
Armour
 q - a +0 pair of gloves (worn)
 I - +0 acid dragon scales (worn)
 L - a +1 cloak (worn)
Jewellery
 h - the amulet "Mur Iko" (around neck) {Acrobat rElec rC+++ Str-2 Int-2}
   (You acquired it on level 9 of the Dungeon)

   [amulet of the acrobat]

   It increases your evasion while moving and waiting.
   Str:       It affects your strength (-2).
   Int:       It affects your intelligence (-2).
   rC:        It renders you almost immune to cold.
   rElec:     It insulates you from electricity.
 j - a ring of positive energy (left hand)
 D - a +4 ring of evasion (right hand)
Wands
 B - a wand of flame (8)
 M - a wand of polymorph (11)
Scrolls
 b - a scroll of immolation
 e - 2 scrolls of amnesia
 i - a scroll of magic mapping
 l - a scroll of poison
 r - 2 scrolls of enchant armour
 u - 2 scrolls of butterflies
 E - 2 scrolls of torment
 G - 3 scrolls of teleportation
 H - 2 scrolls of vulnerability {unknown}
Potions
 c - a potion of mutation {unknown}
 d - 7 potions of curing
 f - a potion of heal wounds
 g - a potion of magic {unknown}
 m - a potion of attraction
 n - a potion of haste {unknown}
 o - a potion of resistance {unknown}
 t - a potion of degeneration {unknown}
 x - a potion of cancellation {unknown}
 z - 2 potions of invisibility
 C - a potion of lignification {unknown}
 F - a potion of flight {unknown}


   Skills:
 - Level 5.4 Fighting
 * Level 13.3 Ranged Weapons
 - Level 5.0 Armour
 - Level 5.1 Dodging
 - Level 5.0 Stealth
 * Level 7.5 Evocations


You had 10 spell levels left.
You didn't know any spells.
Your spell library contained the following spells:

 Spells                   Type           Power      Damage    Failure   Level
 Beastly Appendage        Tmut           0%         N/A       52%         1
 Magic Dart               Conj           0%         1d3       52%         1
 Searing Ray              Conj           0%         2d4       67%         2
 Fulminant Prism          Conj/Hex       0%         3d6       99%         4
 Leda's Liquefaction      Hex/Erth       0%         N/A       99%         4
 Summon Forest            Summ/Tloc      0%         N/A       100%        5
 Summon Mana Viper        Hex/Summ       0%         N/A       100%        5
 Summon Cactus Giant      Summ           0%         N/A       100%        6
 Malign Gateway           Summ/Tloc      0%         N/A       100%        7
 Lehudib's Crystal Spear  Conj/Erth      0%         10d2      100%        8
 Necromutation            Tmut/Necr      0%         N/A       100%        8
 Summon Horrible Things   Summ           0%         N/A       100%        8


Dungeon Overview and Level Annotations

Branches:
Dungeon (9/15)             Temple (1/1) D:6            Lair (0/5) D:8
    Orc (1/2) D:9

Altars:
Ashenzari
Cheibriados
Dithmenos
Elyvilon
Fedhas
Gozag
Hepliaklqana
Kikubaaqudgha
Makhleb
Nemelex Xobeh
Okawaru
Qazlal
Ru
Sif Muna
Trog
Uskayaw
Vehumet
Wu Jian
Xom
Yredelemnul
Zin
The Shining One

Shops:
D:3 *

Annotations:
D:6 4 runed translucent doors
D:7 1 runed translucent door, FrogKing's ghost, novice MiBe
Orc:1 Harold


Innate Abilities, Weirdness & Mutations

Your life essence is reduced to manifest your ancestor. (-10% HP)
You are immune to sickness and miasma.
Your stone body is resilient. (AC +8)
You are immune to poison.
You resist negative energy. (rN+)
You are resistant to electric shocks. (rElec)
You are resistant to unholy torment.
You are immune to petrification.


Message History

The orc warlord barely misses you.
The orc warlord attacks as you move away!
The orc warlord hits you but does no damage.
The orc warlord attacks as you move away!
The orc warlord hits you with a +2 vorpal great sword!!
* * * LOW HITPOINT WARNING * * *
Amnanu hits the orc warlord with a +0 flail.
As you read the scroll of fear, it crumbles to dust.
You assume a fearsome visage.
The orc warlord looks frightened!
Amnanu hits the orc warlord but does no damage.
Amnanu barely misses the orc warlord.
Items here: ) [[ ÷÷.
Amnanu hits the orc warlord but does no damage.
Amnanu's attack snaps the orc warlord out of its fear.
The orc warlord closely misses Amnanu.
Amnanu hits the orc warlord with a +0 flail!
Amnanu hits the orc warlord but does no damage.
Okay, then.
Aiming: Mindburst
Press: ? - help, Shift-Dir - straight line, f - orc warlord
Aim: an orc warlord, wielding a +2 vorpal great sword and wearing a +2 plate armour of positive energy (moderately wounded, ally target, chance to affect: 58%)
The orc warlord's mind is blasted!!
Amnanu barely misses the orc warlord.
Aiming: Mindburst
Press: ? - help, Shift-Dir - straight line, f/p - orc warlord
Aim: an orc warlord, wielding a +2 vorpal great sword and wearing a +2 plate armour of positive energy (heavily wounded, ally target, chance to affect: 58%)
The orc warlord's mind is blasted!!!
The now-empty wand crumbles to dust.
Fire: a) +0 arbalest
Press: ? - help, Q - select action, (/) - cycle Shift-Dir - straight line, f/p - orc warlord
Aim: an orc warlord, wielding a +2 vorpal great sword and wearing a +2 plate armour of positive energy (almost dead, ally target, 74% to hit)
You shoot a bolt. The bolt hits the orc warlord!
The orc warlord is almost dead.
Fire: a) +0 arbalest
Press: ? - help, Q - select action, (/) - cycle Shift-Dir - straight line, f/p - orc warlord
Aim: an orc warlord, wielding a +2 vorpal great sword and wearing a +2 plate armour of positive energy (almost dead, ally target, 74% to hit)
You shoot a bolt.
The bolt hits the orc warlord but does no damage.
The orc warlord is almost dead.
The orc warlord hits you with a +2 vorpal great sword!!!
Ouch! That really hurt!
You die...

#....#...#......# #...
###+##...#......# #...
.#...'...#......###### #...
.#...#...#......#....## #...
##..##...#......#.....# #...
##..##...#......#....#########...
##...#...#..>[..'....#...........
##...#...#..[.Ro####'#...........
#....#...##'####@................
#....#.........#.................
##..##.........#.........>####...
###'##...##....#..........#..'...
#...###'###....#..)...#####..#...
#....#...#.....########..#...###+
#....'[..#.....'......#..#.......
##..###'###....#......'..#.......
.#####...##....#......#..#.......


You could see the friendly Amnanu the knight and an orc warlord (ally target).

Vanquished Creatures
  Erica (D:8)
  A two-headed ogre (D:8)
  Amaemon (D:8)
  A cyclops (D:6)
  Joseph (D:7)
  An orange demon (D:8)
  Maggie (D:8)
  A troll (D:9)
  A wyvern (D:7)
  A wraith (D:9)
  A vampire (D:9)
  5 yaks (D:9)
  2 steam dragons
  2 wargs
  Edmund (D:6)
  2 acid dragons
  3 water moccasins
  4 orc warriors
  3 sky beasts (D:7)
  2 ice beasts
  An ogre (D:5)
  2 centaurs
  A kobold brigand (D:8)
  4 bullfrogs
  A gnoll sergeant (D:5)
  7 scorpions
  8 wights
  6 killer bees
  2 howler monkeys (D:7)
  A jelly (D:7)
  8 hounds
  4 orc priests
  Crazy Yiuf (D:7)
  Jessica (D:3)
  Terence (D:2)
  5 iguanas (D:6)
  Natasha (twice) (D:2)
  6 orc wizards
  11 gnolls
  8 adders
  A shadow imp (D:7)
  A white imp (D:6)
  A worm (D:3)
  2 dart slugs
  19 orcs
  4 bats
  7 endoplasms
  6 giant cockroaches
  4 hobgoblins
  8 jackals
  6 quokkas
  5 ball pythons
  5 frilled lizards
  9 goblins
  11 kobolds
  14 rats
218 creatures vanquished.

Vanquished Creatures (collateral kills)
  3 yaks (D:9)
  2 wargs (D:9)
  3 orc warriors
  3 wights (D:9)
  3 killer bees
  An orc priest (D:8)
  3 orc wizards
  4 gnolls
  4 orcs
26 creatures vanquished.

Vanquished Creatures (others)
  3 yaks (D:9)
  A warg (D:8)
  A black bear (D:6)
  An ogre (D:6)
  A wight (D:9)
  A jelly (D:7)
  5 ancestors
  2 knights
  An orc (D:8)
16 creatures vanquished.

Grand Total: 260 creatures vanquished

Notes
Turn   | Place    | Note
-------+----------+-------------------------------------------
     0 | D:1      | greasedhog the Gargoyle Hunter began the quest for the Orb.
     0 | D:1      | Reached XP level 1. HP: 12/12 MP: 1/1
    98 | D:1      | Reached XP level 2. HP: 17/17 MP: 2/2
   527 | D:1      | Reached XP level 3. HP: 21/21 MP: 3/3
   976 | D:2      | You fall into a shaft and drop 2 floors!
  1375 | D:2      | Identified the +10 spear "Nonnamyca" {antimagic, rF- rN+
                  | rCorr SInv}
  1409 | D:2      | Noticed Terence
  1431 | D:2      | Killed Terence
  1432 | D:2      | Reached XP level 4. HP: 7/26 MP: 1/4
  1753 | D:2      | Found a faded altar of an unknown god.
  1763 | D:2      | Reached skill level 5 in Ranged Weapons
  1827 | D:2      | Noticed Natasha
  1840 | D:2      | Killed Natasha
  1841 | D:2      | Reached XP level 5. HP: 27/30 MP: 1/5
  1849 | D:2      | Identified the +6 whip of Jamic {freeze, rF+ Dex+4}
  2157 | D:2      | Noticed Natasha
  2161 | D:2      | Killed Natasha
  2521 | D:3      | Found an ancient bone altar of Kikubaaqudgha.
  2540 | D:3      | Noticed Jessica
  2547 | D:3      | Killed Jessica
  2548 | D:3      | Reached XP level 6. HP: 34/35 MP: 2/6
  2897 | D:3      | Reached skill level 5 in Stealth
  3054 | D:3      | Found Seatsuma's General Store.
  3063 | D:3      | Bought a scroll of identify for 22 gold pieces
  3063 | D:3      | Bought a scroll of identify for 22 gold pieces
  3063 | D:3      | Bought a scroll of identify for 22 gold pieces
  3063 | D:3      | Bought a +0 cloak for 49 gold pieces
  3324 | D:4      | Reached skill level 6 in Ranged Weapons
  3324 | D:4      | Reached skill level 1 in Evocations
  3681 | D:5      | Entered Level 5 of the Dungeon
  3814 | D:5      | Reached XP level 7. HP: 40/40 MP: 2/7
  4410 | D:5      | Reached skill level 7 in Ranged Weapons
  4559 | D:5      | Reached XP level 8. HP: 19/44 MP: 2/8
  5156 | D:5      | Reached skill level 8 in Ranged Weapons
  5411 | D:6      | Found a staircase to the Ecumenical Temple.
  5415 | D:6      | Noticed Edmund
  5459 | D:6      | Killed Edmund
  5460 | D:6      | Reached skill level 5 in Evocations
  5754 | Temple   | Entered the Ecumenical Temple
  6018 | D:6      | Reached XP level 9. HP: 49/49 MP: 3/9
  6098 | D:6      | Reached skill level 9 in Ranged Weapons
  6304 | D:6      | Found a large runed translucent door.
  6304 | D:6      | Found a large runed translucent door.
  6308 | D:6      | Noticed a cyclops
  6318 | D:6      | Found a large runed translucent door.
  6318 | D:6      | Found a large runed translucent door.
  6360 | D:6      | Noticed a cyclops
  6370 | D:6      | Killed a cyclops
  6503 | D:6      | Got the Omnibus of the Iron Union
  6549 | D:6      | Found a shimmering blue altar of Sif Muna.
  6759 | D:6      | Found a snail-covered altar of Cheibriados.
  6760 | D:6      | Found a sparkling altar of Nemelex Xobeh.
  6761 | D:6      | Found a hazy altar of Hepliaklqana.
  6761 | D:6      | Found a stormy altar of Qazlal.
  6867 | D:6      | Became a worshipper of Hepliaklqana the Forgotten
  7007 | D:6      | Reached skill level 5 in Fighting
  7186 | D:6      | Got the Collected Works on Evolution
  7298 | D:7      | Reached skill level 10 in Ranged Weapons
  7298 | D:7      | Reached skill level 1 in Armour
  7476 | D:7      | Noticed Joseph
  7507 | D:7      | Killed Joseph
  7508 | D:7      | Reached XP level 10. HP: 40/59 MP: 3/10
  7967 | D:7      | Found a runed translucent door.
  7970 | D:7      | Noticed FrogKing's ghost (novice MiBe)
  8018 | D:7      | Reached * piety under Hepliaklqana
  8078 | D:7      | Reached skill level 11 in Ranged Weapons
  8080 | D:7      | Reached skill level 5 in Armour
  8180 | D:7      | Found a runed translucent door.
  8181 | D:7      | Noticed Crazy Yiuf
  8405 | D:7      | Killed Crazy Yiuf
  8944 | D:8      | Noticed a two-headed ogre
  8952 | D:8      | Killed a two-headed ogre
  9202 | D:8      | Found a staircase to the Lair.
  9202 | D:8      | Reached ** piety under Hepliaklqana
  9205 | D:8      | Noticed Amaemon
  9227 | D:8      | Killed Amaemon
  9229 | D:8      | Noticed an orange demon
  9239 | D:8      | Killed an orange demon
  9240 | D:8      | Reached skill level 12 in Ranged Weapons
  9549 | D:8      | Noticed Maggie
  9565 | D:8      | Killed Maggie
  9724 | D:8      | Noticed Erica
  9727 | D:8      | Killed Erica
  9728 | D:8      | Reached skill level 5 in Dodging
  9728 | D:8      | Reached XP level 11. HP: 57/57 MP: 11/11
 10546 | D:9      | Found a staircase to the Orcish Mines.
 10547 | D:9      | Remembered your ancestor Amnanu as a knight
 10778 | D:9      | Reached *** piety under Hepliaklqana
 11010 | D:9      | Reached skill level 13 in Ranged Weapons
 11172 | D:9      | Identified a scroll of acquirement
 11175 | D:9      | Acquired the amulet "Mur Iko" {Acrobat rElec rC+++ Str-2
                  | Int-2}
 11483 | Orc:1    | Entered Level 1 of the Orcish Mines
 11526 | Orc:1    | Noticed an orc sorcerer
 11526 | Orc:1    | Noticed an orc warlord
 11858 | Orc:1    | Noticed Harold
 11983 | D:9      | Demolished by an orc warlord

Illustrated notes

Levels and vault maps discovered:
D:1:      saegor_arrival_simple_d, layout_basic
D:2:      layout_loops_ring, nicolae_ecumenical_snake_handling,
          minmay_rat_gold_closets, uniq_natasha, uniq_terence
D:3:      layout_basic, lemuel_crystal_altar, serial_shops,
          nicolae_lakefront_shop, minmay_door_square, minivault_26,
          minivault_27, serial_park_tiny_1, uniq_jessica
D:4:      layout_rooms
D:5:      layout_basic, dk_noncrumbling_3
D:6:      layout_loops_ring, general_overflow_altar,
          mainiacjoe_overflow_alcove_3, minmay_temple_entry_arrows,
          minmay_hollow_rounded_squares, uniq_edmund
D:7:      layout_basic, ebering_ghost_reflecting_pool, uniq_crazy_yiuf_cottage,
          uniq_joseph
D:8:      layout_gridville, erik_lair_orcish_takeover, uniq_erica, uniq_maggie,
          uniq_amaemon
D:9:      layout_gridville, minmay_orc_entry_guard_dogs
Temple:   minmay_temple_bridge_d
Orc:1:    layout_diamond_mine, uniq_harold, uniq_erolcha

Skill      XL: |  1  2  3  4  5  6  7  8  9 10 11 |
---------------+----------------------------------+-----
Stealth        | 2 3 4 5 |  5.0
Ranged Weapons | 5 6 7 8 10 12 13 | 13.3
Evocations     | 2 4 5 7 |  7.5
Fighting       | 5 |  5.4
Armour         | 3 5 |  5.0
Dodging        | 5 |  5.1

Action                   |  1- 3 |  4- 6 |  7- 9 | 10-12 || total
-------------------------+-------+-------+-------+-------++-------
Melee: Spear             |     2 |    18 |   130 |     8 ||   158
       Punch             |       |       |     1 |       ||     1
 Fire: Shortbow          |   122 |   136 |    30 |       ||   288
       Arbalest          |       |       |   100 |   275 ||   375
Throw: Dart              |     2 |       |     1 |       ||     3
       Throwing net      |       |       |     2 |       ||     2
Invok: Ancestor Identity |       |       |       |     1 ||     1
       Recall Ancestor   |       |       |       |     2 ||     2
       Ancestor Life: Kn |       |       |       |     1 ||     1
Evoke: Wand              |       |     3 |     7 |    19 ||    29
  Use: Scroll            |       |     5 |     1 |     8 ||    14
       Potion            |       |       |     5 |       ||     5
 Stab: Invisible         |       |       |     6 |       ||     6
Armor: Leather armour    |    18 |       |       |       ||    18
       Ring mail         |     8 |    40 |    56 |       ||   104
       Acid dragon scale |       |       |    12 |    61 ||    73
Dodge: Dodged            |    30 |    53 |   152 |   146 ||   381
